 Dungeon Crawl Stone Soup version 0.18-a0-270-ga9d907f (webtiles) character file.

60 Duffy the Slasher (level 3, 0/24 HPs)
             Began as a High Elf Gladiator on Nov 26, 2015.
             Slain by an adder (2 damage)
             ... on level 2 of the Dungeon.
             The game lasted 00:01:28 (1623 turns).

Duffy the Slasher (High Elf Gladiator)              Turns: 1623, Time: 00:01:28

Health: 0/24       AC:  4    Str: 15    XL:     3   Next: 80%
Magic:  4/4        EV: 13    Int: 12    God:
Gold:   19         SH:  0    Dex: 15    Spells: 0 memorised, 2 levels left

rFire  . . .     SeeInvis .     a - +0 long sword
rCold  . . .     Clarity  .     b - +0 leather armour
rNeg   . . .     SustAt   .     (no shield)
rPois  .         Gourm    .     c - +0 helmet
rElec  .         Spirit   .     (no cloak)
rCorr  .         Warding  .     (no gloves)
rMut   .         Stasis   .     (no boots)
MR     .....                    (no amulet)
Stlth  +.........               (no ring)
                                (no ring)

@: lethally poisoned (0 -> -7), not resistant to hostile enchantments, very
unstealthy
A: no striking features
a: no special abilities


You were on level 2 of the Dungeon.
You were hungry.

You visited 1 branch of the dungeon, and saw 2 of its levels.

You collected 19 gold pieces.


   Skills:
 - Level 2.0 Fighting
 + Level 5.8 Long Blades
 - Level 2.0 Throwing
 - Level 3.2 Dodging


You had 2 spell levels left.
You didn't know any spells.

Inventory:

Hand Weapons
 a - a +0 long sword (weapon)
Missiles
 d - 3 throwing nets (quivered)
Armour
 b - a +0 leather armour (worn)
 c - a +0 helmet (worn)
Scrolls
 f - 3 scrolls of teleportation {unknown}
 k - 2 scrolls of identify {unknown}
 m - a scroll of amnesia {unknown}
 p - 2 scrolls of noise {unknown}
 s - a scroll of immolation {unknown}
 t - a scroll of enchant armour {unknown}
Potions
 g - a potion of might {unknown}
 h - a potion of invisibility {unknown}
 j - a potion of heal wounds {unknown}
 n - a potion of cure mutation {unknown}
 o - 2 potions of brilliance {unknown}
Comestibles
 e - 2 bread rations
 i - a slice of pizza
 l - a beef jerky
 q - 3 meat rations
 r - 2 fruits

Dungeon Overview and Level Annotations

Branches:
Dungeon (2/15)

Altars:
Nemelex Xobeh


Message History

You closely miss the adder.
You feel sick. The adder bites you but does no damage.
You miss the adder. The adder bites you but does no damage.
The adder barely misses you.
You barely miss the adder.
You feel sick. The adder bites you.
You closely miss the adder. The adder bites you.
You are more poisoned.
The adder poisons you!
You hit the adder but do no damage.
You feel sick. The adder barely misses you. The adder bites you.
You are too injured to fight recklessly!
You are too injured to fight recklessly!
You are too injured to fight recklessly!
You are too injured to fight recklessly!
You are too injured to fight recklessly!
You are too injured to fight recklessly!
You are too injured to fight recklessly!
You are too injured to fight recklessly!
You are too injured to fight recklessly!
You are too injured to fight recklessly!
You are too injured to fight recklessly!
You are too injured to fight recklessly!
You are too injured to fight recklessly!
You are too injured to fight recklessly!
You are too injured to fight recklessly!
You are too injured to fight recklessly!
You are too injured to fight recklessly!
You barely miss the adder.
You feel sick. The adder barely misses you.
You miss the adder.
You feel sick. The adder barely misses you. The adder bites you.
You closely miss the adder.
You feel sick. The adder misses you.
You slash the adder!
The adder is severely wounded.
The adder bites you. x2
You die...

..# .... ...# ##
.... .. ... #.##
+#. #... #..#
.#+#.# #.S# .....#
#.@###### .....#
#.......# .....##
#######.......#
......#
.....>........#
....#.#
########......#
....#.# ###.######
....#.#
######......##...#
....#.#
.........#####...#
....#.# ########.#
#...#


You could see an adder.

Action                   || total
-------------------------++-------
Melee: Long sword        ||   152
 Stab: Sleeping          ||     1
  Eat: Chunk             ||     2

Notes
Turn   | Place    | Note
--------------------------------------------------------------
     0 | D:1      | Duffy the High Elf Gladiator began the quest for the Orb.
     0 | D:1      | Reached XP level 1. HP: 14/14 MP: 2/2
    26 | D:1      | Reached skill level 4 in Long Blades
    74 | D:1      | Found a sparkling altar of Nemelex Xobeh.
   106 | D:1      | Reached XP level 2. HP: 19/19 MP: 3/3
   660 | D:1      | Reached skill level 5 in Long Blades
   786 | D:1      | Reached XP level 3. HP: 24/24 MP: 4/4
  1623 | D:2      | Slain by an adder

Vault maps used:
D:1:      dpeg_arrival_round_a, nemelex_diamond_rough_becter
D:2:      uniq_natasha

Vanquished Creatures
  An adder
  An ooze
  2 worms
  4 bats
  4 goblins
  5 hobgoblins
  3 jackals
  6 kobolds
  A quokka
  A ball python
  A giant cockroach
  3 giant newts
  6 rats
38 creatures vanquished.
